 Dungeon Crawl Stone Soup version 0.23.1 (webtiles) character file.

Game seed: 0

2002 Luthien the Destroyer (level 9, -3/47 HPs)
             Began as a Deep Elf Wizard on Mar 18, 2019.
             Was an Initiate of Vehumet.
             Shot with an arrow by a centaur (11 damage)
             ... on level 6 of the Dungeon on Mar 19, 2019.
             The game lasted 00:46:57 (8526 turns).

Luthien the Destroyer (Deep Elf Wizard)             Turns: 8526, Time: 00:46:58

Health: -3/47      AC:  5    Str:  4    XL:     9   Next: 2%
Magic:  17/24      EV: 13    Int: 24    God:    Vehumet [......]
Gold:   1186       SH:  0    Dex: 16    Spells: 22/27 levels left

rFire    + . .     SeeInvis +   B - +1 rapier
rCold    . . .     Gourm    .   (no shield)
rNeg     . . .     Faith    .   a - +1 robe
rPois    .         Spirit   .   n - +0 helmet
rElec    .         Reflect  .   (no cloak)
rCorr    .         Harm     .   F - +0 pair of gloves
MR       .....                  (no boots)
Stlth    +++.......             (no amulet)
HPRegen  0.15/turn              l - ring of see invisible
MPRegen  0.19/turn              r - ring of protection from fire

@: no status effects
A: no striking features
a: Renounce Religion


You were on level 6 of the Dungeon.
You worshipped Vehumet.
Vehumet was noncommittal.
You were not hungry.

You visited 2 branches of the dungeon, and saw 9 of its levels.
You also visited: Bailey.

You collected 1186 gold pieces.

Inventory:

Hand Weapons
 e - a +0 club
 B - a +1 rapier (weapon)
 H - a +1 mace of holy wrath
Missiles
 k - 228 stones (quivered)
 m - 102 arrows
 u - 8 tomahawks of returning
Armour
 a - a +1 robe (worn)
 b - a +0 hat
 j - a +0 robe
 n - a +0 helmet (worn)
 p - a +0 robe
 D - a +0 robe
 F - a +0 pair of gloves (worn)
Jewellery
 l - a ring of see invisible (left hand)
 r - a ring of protection from fire (right hand)
 w - an uncursed ring of teleportation
Wands
 A - a wand of paralysis (7)
 I - a wand of random effects (21)
Scrolls
 c - a scroll of amnesia {unknown}
 f - 2 scrolls of enchant weapon
 g - 8 scrolls of remove curse
 i - 3 scrolls of enchant armour
 t - 6 scrolls of identify
 x - a scroll of fog {unknown}
 y - a scroll of random uselessness {unknown}
 z - a scroll of noise
 C - a scroll of magic mapping
Potions
 h - a potion of might {unknown}
 o - a potion of magic {unknown}
 q - a potion of brilliance {unknown}
 s - 2 potions of degeneration
 v - a potion of invisibility
 E - a potion of flight {unknown}
 G - a potion of cancellation {unknown}
Comestibles
 d - 7 rations


   Skills:
 - Level 1.1 Fighting
 - Level 3.0 Dodging
 - Level 4.1 Stealth
 + Level 9.6 Spellcasting
 - Level 10.0 Conjurations
 - Level 1.1 Summonings
 - Level 1.1 Translocations


You had 22 spell levels left.
You knew the following spells:

 Your Spells              Type           Power        Failure   Level  Hunger
a - Magic Dart            Conj           ####         1%          1    None
b - Blink                 Tloc           N/A          5%          2    None
c - Call Imp              Summ           ###.....     5%          2    None

Your spell library contained the following spells:

 Spells                   Type           Power        Failure   Level  Hunger
 Conjure Flame            Conj/Fire      #####...     1%          3    None
 Mephitic Cloud           Conj/Pois/Air  ####....     4%          3    None
 Slow                     Hex            ##......     9%          2    None


Dungeon Overview and Level Annotations

Branches:
Dungeon (8/15)             Temple (1/1) D:7
   Lair: D:8-11

Altars:
Ashenzari
Dithmenos
Elyvilon
Fedhas
Gozag
Hepliaklqana
Kikubaaqudgha
Makhleb
Nemelex Xobeh
Okawaru
Qazlal
Ru
Sif Muna
Trog
Vehumet
Wu Jian
Xom
Yredelemnul
Zin

Annotations:
D:3 3 runed translucent doors, DungeonDestroyer's ghost, amateur MiFi
D:6 1 runed translucent door, Crazy Yiuf


Message History

The centaur shoots an arrow.
The arrow barely misses your shadow imp.
The arrow hits you.
The centaur shoots an arrow.
The arrow hits your shadow imp!
Your shadow imp dies!
The centaur shoots an arrow.
The arrow barely misses you.
Casting: Call Imp (safe; 5% risk of failure)
Confirm with . or Enter, or press ? or * to list all spells.
A beastly little devil appears in a puff of flame.
The centaur shoots an arrow.
The arrow barely misses your crimson imp.
The arrow barely misses you.
The centaur shoots an arrow.
The arrow barely misses your crimson imp.
The arrow hits you!
* * * LOW HITPOINT WARNING * * *
Unknown command.
The centaur shoots an arrow.
The arrow completely misses your crimson imp.
The arrow hits you!
You die...

.# ####♣♣ ### .#.##########..#.♣♣
♣♣#..)#
.#.........#......♣♣♣♣.+..g#
.#########.........♣..♣#).)#
.##....###.###.#..♣.♣♣♣ ###
..............##♣♣♣♣♣
.##....###.####
.##....###.######################
................@.(..5.c.(.......
.##............###########.......
.##............# #(......
.##............# #(......
.##.<..........# #......(
#............# #.......
#####........# ##.)((.c.
#........# #....().. #.....(..


You could see a centaur and a friendly crimson imp.

Vanquished Creatures
  4 orc warriors (Bailey)
  An ice beast (D:7)
  A sky beast (D:5)
  An ogre (D:5)
  A centaur (D:5)
  A scorpion (D:5)
  Dowan (D:4)
  2 killer bees (D:8)
  A crimson imp (D:5)
  A bullfrog zombie (D:5)
  A hound (D:2)
  An orc priest (D:7)
  A centaur skeleton (D:5)
  6 adders
  3 gnolls
  An adder skeleton (D:6)
  A worm (D:2)
  3 dart slugs
  4 leopard geckos
  6 orcs
  A ball python (D:2)
  6 giant cockroaches
  7 goblins
  9 hobgoblins
  5 jackals
  A quokka (D:8)
  6 bats
  4 frilled lizards
  A jackal skeleton (D:7)
  24 kobolds
  5 rats
110 creatures vanquished.

Vanquished Creatures (collateral kills)
  A hippogriff (D:8)
  Sigmund (D:3)
  Menkaure (D:4)
  Duvessa (D:4)
  3 sky beasts
  A black bear (D:6)
  A scorpion (D:4)
  2 killer bees (D:8)
  A crimson imp (D:6)
  A hound (D:5)
  An iguana (D:7)
  Terence (D:3)
  A worker ant (D:6)
  A worker ant zombie (D:6)
  6 gnolls
  3 orcs (Bailey)
  3 hobgoblins
  3 jackals (D:1)
  A kobold (D:3)
  A quokka (D:7)
34 creatures vanquished.

Grand Total: 144 creatures vanquished

Notes
Turn   | Place    | Note
-------+----------+-------------------------------------------
     0 | D:1      | Luthien the Deep Elf Wizard began the quest for the Orb.
     0 | D:1      | Reached XP level 1. HP: 10/10 MP: 7/7
    60 | D:1      | Reached skill level 2 in Conjurations
   201 | D:1      | Reached XP level 2. HP: 15/15 MP: 1/9
   211 | D:1      | Learned a level 2 spell: Blink
   214 | D:1      | Learned a level 2 spell: Call Imp
   575 | D:1      | Reached skill level 3 in Conjurations
  1203 | D:2      | Reached XP level 3. HP: 19/19 MP: 8/10
  1317 | D:2      | Reached skill level 4 in Conjurations
  1718 | D:2      | Reached XP level 4. HP: 24/24 MP: 9/12
  1970 | D:2      | Found a burning altar of Makhleb.
  2013 | D:2      | Reached skill level 5 in Conjurations
  2256 | D:3      | Noticed Terence
  2289 | D:3      | Killed Terence
  2359 | D:3      | Reached XP level 5. HP: 27/28 MP: 4/13
  2472 | D:3      | Found a runed translucent gate.
  2472 | D:3      | Found a runed translucent gate.
  2472 | D:3      | Found a runed translucent gate.
  2472 | D:3      | Identified the cursed +0 dagger "Ocyis" {drain, Fragile
                  | +Rage rC- Str+8}
  2472 | D:3      | Noticed DungeonDestroyer's ghost (amateur MiFi)
  2538 | D:3      | Found a blossoming altar of Fedhas.
  2574 | D:3      | Noticed Sigmund
  2667 | D:3      | Killed Sigmund
  2667 | D:3      | Reached skill level 6 in Conjurations
  2667 | D:3      | Reached XP level 6. HP: 31/32 MP: 4/14
  3035 | D:3      | Found a burning altar of Makhleb.
  3107 | D:4      | Noticed Dowan
  3111 | D:4      | Noticed Duvessa
  3116 | D:4      | Killed Dowan
  3116 | D:4      | Reached skill level 7 in Conjurations
  3266 | D:4      | Noticed Menkaure
  3281 | D:4      | Killed Menkaure
  3515 | D:4      | Noticed a sky beast
  3536 | D:4      | Killed a sky beast
  3700 | D:4      | Killed Duvessa
  3700 | D:4      | Reached skill level 8 in Conjurations
  3700 | D:4      | Reached XP level 7. HP: 36/36 MP: 1/15
  3963 | D:4      | Found a stormy altar of Qazlal.
  4096 | D:4      | Found an opulent altar of Gozag.
  4139 | D:5      | Entered Level 5 of the Dungeon
  4814 | D:5      | Reached skill level 9 in Conjurations
  5517 | D:5      | Reached skill level 10 in Conjurations
  5827 | D:5      | Reached XP level 8. HP: 27/41 MP: 5/16
  5989 | D:5      | You fall through a shaft for 3 floors!
  6071 | D:8      | Reached skill level 1 in Fighting
  6074 | D:8      | Noticed a two-headed ogre
  6111 | D:8      | Reached skill level 5 in Spellcasting
  6352 | D:8      | Found a flagged portal.
  6365 | Bailey   | Entered a bailey
  7054 | D:8      | Noticed a hippogriff
  7074 | D:8      | Killed a hippogriff
  7553 | D:7      | Found a staircase to the Ecumenical Temple.
  7572 | Temple   | Entered the Ecumenical Temple
  7580 | Temple   | Became a worshipper of Vehumet
  8317 | D:6      | Found a runed translucent door.
  8318 | D:6      | Noticed Crazy Yiuf
  8364 | D:6      | Reached XP level 9. HP: 41/47 MP: 8/24
  8526 | D:6      | Shot with an arrow by a centaur

Skill      XL: |  1  2  3  4  5  6  7  8 |
---------------+-------------------------+-----
Conjurations   | 2 3 4 5 6 8 10 | 10.0
Dodging        | 3 |  3.0
Stealth        | 4 |  4.1
Fighting       | 1 |  1.1
Spellcasting   | 9 |  9.6
Summonings     | |  1.1
Translocations | |  1.1

Action                   |  1- 3 |  4- 6 |  7- 9 || total
-------------------------+-------+-------+-------++-------
Melee: Club              |    10 |       |       ||    10
       Rapier            |       |       |     5 ||     5
 Cast: Magic Dart        |    83 |    69 |   181 ||   333
       Call Imp          |     2 |    29 |   104 ||   135
       Blink             |       |     2 |     9 ||    11
Evoke: Wand              |       |       |    10 ||    10
  Use: Scroll            |     1 |     4 |     3 ||     8
 Stab: Distracted        |     1 |       |       ||     1
  Eat: Chunk             |     2 |     3 |     5 ||    10
       Ration            |       |     1 |     3 ||     4
Armor: Robe              |     8 |     4 |    23 ||    35
Dodge: Dodged            |    17 |    10 |    93 ||   120
